 Dungeon Crawl Stone Soup version 0.26-a0-50-gc4d14cd842 (webtiles) character file.

Game seed: 18051189968607352388

1714326 bmfx the Slayer (level 27, 235/235 HPs)
             Began as a Formicid Assassin on June 4, 2020.
             Was the Champion of Okawaru.
             Escaped with the Orb
             ... and 3 runes!
             The game lasted 02:48:53 (67072 turns).

bmfx the Slayer (Formicid Assassin)                Turns: 67072, Time: 02:48:53

Health: 235/235    AC: 38    Str: 42    XL:     27
Magic:  27/27      EV: 20    Int: 11    God:    Okawaru [******]
Gold:   7257       SH: 28    Dex: 18    Spells: 26/26 levels left

rFire    + + .     SeeInvis +   a - +9 triple sword (flame) {god gift}
rCold    + . .     Gourm    .   j - +0 tower shield of the Sacrificial Victim {rF+ Str+4}
rNeg     . . .     Faith    .   O - +9 plate armour {rF+}
rPois    +         Spirit   +   (helmet unavailable)
rElec    .         Reflect  .   U - +2 cloak {rCorr} {god gift}
rCorr    +         Harm     .   P - +0 pair of gloves of Licwocza {rPois rC+ Regen+ Str+4}
MR       +++++                  l - +2 pair of boots "Ytegoqe" {god gift, MR+ Str+3 SInv Stlth-}
Stlth    ..........             p - amulet of guardian spirit
HPRegen  0.89/turn              n - +4 ring of slaying
MPRegen  0.20/turn              c - ring "Geog" {MR+ AC+4 Str+4 Dex+6}

@: no status effects
A: permanent stasis, dig shafts and tunnels, four strong arms, antennae 3,
molten scales 1, blurry vision 1, deformed body, deterioration 1, low mp 1,
magic resistance 1, screaming 1, weak 1
0: Orb of Zot
}: 3/15 runes: decaying, slimy, gossamer
a: Dig, Shaft Self, Heroism, Finesse, Renounce Religion


You escaped.
You worshipped Okawaru.
Okawaru was exalted by your worship.
You were full.

You visited 11 branches of the dungeon, and saw 54 of its levels.
You visited 2 bazaars.

You collected 11944 gold pieces.
You spent 4687 gold pieces at shops.


Innate Abilities, Weirdness & Mutations

You cannot be hasted, slowed, berserked, paralysed or teleported.
You can dig through walls and to a lower floor.
Your four strong arms can wield two-handed weapons with a shield.
You have a pair of large antennae on your head. (SInv)
You are partially covered in molten scales. (AC +2)
Scrolls take you a little longer to read.
Armour fits poorly on your strangely shaped body.
Your body sometimes deteriorates upon taking damage.
Your magical capacity is low. (-10% MP)
You are resistant to hostile enchantments. (MR+)
You occasionally shout uncontrollably at your foes.
You are weak. (Str -2)

Dungeon Overview and Level Annotations

Branches:
Dungeon (15/15)            Temple (1/1) D:7            Lair (6/6) D:10
  Swamp (4/4) Lair:4       Spider (4/4) Lair:3        Slime (5/5) Lair:5
    Orc (2/2) D:12            Elf (3/3) Orc:2        Vaults (4/5) D:14
  Crypt (0/3) Vaults:2     Depths (5/5) D:15            Zot (5/5) Depths:5

Altars:
Ashenzari
Cheibriados
Dithmenos
Elyvilon
Fedhas
Gozag
Hepliaklqana
Kikubaaqudgha
Makhleb
Nemelex Xobeh
Okawaru
Qazlal
Ru
Sif Muna
Trog
Uskayaw
Vehumet
Wu Jian
Xom
Yredelemnul
Zin
The Shining One
Beogh

Shops:
D:4 %   D:9 (   D:12 [   Orc:2 [?*%   Elf:1 %}=}   Elf:3 ?}*}   Vaults:2 :!
Vaults:3 }   Zot:5 *   Depths:1 =   Depths:5 [

Portals:
Hell: Depths:1 Depths:2 Depths:3 Depths:4 Depths:5
Abyss: Depths:3 Depths:4
Pandemonium: Depths:1 Depths:3
Ziggurat: Depths:4

Annotations:
D:11 exclusion: oklob plant
D:14 Roxanne
Spider:2 3 runed translucent doors, Vieluargh's ghost, journeyman DsNe
Zot:1 1 exclusion
Zot:5 3 runed translucent doors, vurker's ghost, legendary NaVM


   Skills:
 + Level 23.0 Fighting
   Level 6.0(15.7) Short Blades
 - Level 21.7(22.0) Long Blades
 - Level 20.0 Throwing
 - Level 20.1 Armour
 - Level 15.0 Dodging
 - Level 4.8 Stealth
 - Level 21.4 Shields
 - Level 8.0 Invocations
 - Level 10.0 Evocations


You had 26 spell levels left.
You didn't know any spells.
Your spell library contained the following spells:

 Spells                   Type           Power        Failure   Level  Hunger
 Beastly Appendage        Tmut           #.....       69%         1    ##.....
 Corona                   Hex            #......      69%         1    ##.....
 Foxfire                  Conj/Fire      #...         69%         1    ##.....
 Freeze                   Ice            #...         69%         1    ##.....
 Infusion                 Chrm           #...         69%         1    ##.....
 Magic Dart               Conj           #...         69%         1    ##.....
 Sandblast                Erth           #.....       69%         1    ##.....
 Summon Butterflies       Summ           #.......     69%         1    ##.....
 Summon Small Mammal      Summ           #...         69%         1    ##.....
 Call Imp                 Summ           #.......     83%         2    ###....
 Corpse Rot               Necr/Air       N/A          83%         2    ###....
 Ensorcelled Hibernation  Hex/Ice        #.....       83%         2    ###....
 Passwall                 Tmut/Erth      #.......     83%         2    ###....
 Poisonous Vapours        Pois/Air       #.....       83%         2    ###....
 Searing Ray              Conj           #.....       83%         2    ###....
 Shroud of Golubria       Chrm/Tloc      #.....       83%         2    ###....
 Slow                     Hex            #.......     83%         2    ###....
 Song of Slaying          Chrm           #.......     83%         2    ###....
 Sublimation of Blood     Necr           #.........   83%         2    ###....
 Call Canine Familiar     Summ           #.......     96%         3    ####...
 Confusing Touch          Hex            #.......     96%         3    ####...
 Conjure Flame            Conj/Fire      #.......     96%         3    ####...
 Dazzling Flash           Conj/Hex       #.....       96%         3    ####...
 Frozen Ramparts          Ice            #.....       96%         3    ####...
 Gell's Gravitas          Tloc           #.........   96%         3    ####...
 Ignite Poison            Fire/Tmut/Pois #.......     96%         3    ####...
 Inner Flame              Hex/Fire       #.......     96%         3    ####...
 Mephitic Cloud           Conj/Pois/Air  #.......     96%         3    ####...
 Ozocubu's Armour         Chrm/Ice       #.......     96%         3    ####...
 Portal Projectile        Hex/Tloc       #.....       96%         3    ####...
 Spectral Weapon          Hex/Chrm       #.......     96%         3    ####...
 Spider Form              Tmut/Pois      #.........   96%         3    ####...
 Static Discharge         Conj/Air       #.......     96%         3    ####...
 Stone Arrow              Conj/Erth      #.....       96%         3    ####...
 Summon Guardian Golem    Hex/Summ       #.......     96%         3    ####...
 Cause Fear               Hex            #.........   100%        4    #####..
 Dispel Undead            Necr           #.......     100%        4    #####..
 Fulminant Prism          Conj/Hex       #.........   100%        4    #####..
 Hailstorm                Conj/Ice       #.......     100%        4    #####..
 Ice Form                 Ice/Tmut       #.......     100%        4    #####..
 Iskenderun's Mystic Bla  Conj/Tloc      #.......     100%        4    #####..
 Leda's Liquefaction      Hex/Erth       #.........   100%        4    #####..
 Olgreb's Toxic Radiance  Pois           #.......     100%        4    #####..
 Petrify                  Tmut/Erth      #.......     100%        4    #####..
 Summon Ice Beast         Ice/Summ       #.......     100%        4    #####..
 Summon Lightning Spire   Summ/Air       #.......     100%        4    #####..
 Agony                    Necr           #.......     100%        5    ######.
 Alistair's Intoxication  Tmut/Pois      #.......     100%        5    ######.
 Bolt of Magma            Conj/Fire/Erth #.........   100%        5    ######.
 Borgnjor's Vile Clutch   Necr/Erth      #.........   100%        5    ######.
 Excruciating Wounds      Chrm/Necr      #.........   100%        5    ######.
 Fireball                 Conj/Fire      #.........   100%        5    ######.
 Lee's Rapid Deconstruct  Erth           #.........   100%        5    ######.
 Lightning Bolt           Conj/Air       #.........   100%        5    ######.
 Metabolic Englaciation   Hex/Ice        #.........   100%        5    ######.
 Silence                  Hex/Air        #.........   100%        5    ######.
 Summon Mana Viper        Hex/Summ       #.......     100%        5    ######.
 Yara's Violent Unravell  Hex/Tmut       #.........   100%        5    ######.
 Darkness                 Hex            #.........   100%        6    #######
 Dispersal                Tloc           #.........   100%        6    #######
 Freezing Cloud           Conj/Ice/Air   #.........   100%        6    #######
 Invisibility             Hex            #.......     100%        6    #######
 Iron Shot                Conj/Erth      #.........   100%        6    #######
 Shadow Creatures         Summ           N/A          100%        6    #######
 Starburst                Conj/Fire      #.........   100%        6    #######
 Statue Form              Tmut/Erth      #........    100%        6    #######
 Dragon Form              Tmut           #.........   100%        7    #######
 Ring of Flames           Chrm/Fire      #.........   100%        7    #######
 Summon Hydra             Summ           #.........   100%        7    #######
 Disjunction              Tloc           #.........   100%        8    #######
 Ignition                 Fire           #.........   100%        8    #######
 Dragon's Call            Summ           #.........   100%        9    #######
 Shatter                  Erth           #.........   100%        9    #######
 Tornado                  Air            #.........   100%        9    #######
 Blink                    Tloc           Unusable     N/A         2    N/A
 Swiftness                Chrm/Air       Unusable     N/A         2    N/A
 Passage of Golubria      Tloc           Unusable     N/A         4    N/A
 Controlled Blink         Tloc           Unusable     N/A         8    N/A

Action                   |  1- 3 |  4- 6 |  7- 9 | 10-12 | 13-15 | 16-18 | 19-21 | 22-24 | 25-27 || total
-------------------------+-------+-------+-------+-------+-------+-------+-------+-------+-------++-------
Melee: Dagger            |   125 |   161 |   292 |   748 |    85 |       |       |       |       ||  1411
       Great sword       |       |       |       |     1 |   490 |   585 |   675 |       |       ||  1751
       Scimitar          |       |       |       |       |    94 |    53 |       |       |       ||   147
       Triple sword      |       |       |       |       |    27 |     4 |   152 |   525 |  1001 ||  1709
       Double sword      |       |       |       |       |       |       |       |    53 |       ||    53
Throw: Dart              |     2 |     4 |    67 |    60 |       |    27 |   146 |       |    32 ||   338
       Stone             |       |       |    16 |   232 |   402 |   622 |    42 |       |    61 ||  1375
       Javelin           |       |       |       |       |    14 |    49 |    36 |     9 |   160 ||   268
       Boomerang         |       |       |       |       |       |   165 |   351 |   409 |   170 ||  1095
       Throwing net      |       |       |       |       |       |       |       |       |     1 ||     1
Invok: Heroism           |       |       |       |    12 |    36 |    33 |    18 |    17 |    37 ||   153
       Finesse           |       |       |       |       |     1 |     8 |    10 |     9 |    11 ||    39
 Abil: Dig               |     1 |     1 |     9 |    12 |    13 |    17 |    16 |     2 |    24 ||    95
       Shaft Self        |       |       |       |     1 |       |       |     1 |       |       ||     2
Evoke: Wand              |       |       |       |       |     2 |    17 |       |     7 |     6 ||    32
       Lightning rod     |       |       |       |       |       |     3 |     4 |     3 |       ||    10
       Tin of tremorston |       |       |       |       |       |       |     5 |     4 |     2 ||    11
  Use: Scroll            |     1 |     5 |     5 |    11 |    16 |     9 |    17 |    13 |    13 ||    90
       Potion            |       |       |       |       |       |     4 |     6 |     5 |     6 ||    21
 Stab: Sleeping          |       |       |       |     2 |     2 |     2 |       |       |     1 ||     7
       Invisible         |       |       |       |       |       |     4 |     7 |       |       ||    11
       Distracted        |       |       |       |       |       |       |     1 |       |     2 ||     3
       Held in net/web   |       |       |       |       |       |       |       |       |     2 ||     2
  Eat: Chunk             |     1 |     8 |    10 |    23 |    19 |    17 |    24 |    11 |    17 ||   130
       Ration            |       |       |     1 |     1 |     4 |     7 |     5 |     3 |     8 ||    29
Armor: Plate armour      |    92 |    81 |    90 |     5 |   264 |   143 |   280 |   145 |   229 ||  1329
       Robe              |     2 |       |       |       |       |       |       |       |       ||     2
       Swamp dragon scal |       |       |       |   119 |    11 |    76 |       |       |       ||   206
Dodge: Dodged            |    30 |    38 |    22 |   201 |   314 |   321 |   219 |   162 |   310 ||  1617
Block: Kite shield       |       |       |    58 |    81 |       |       |       |       |       ||   139
       Buckler           |       |       |       |    88 |   184 |   155 |    74 |       |       ||   501
       Tower shield      |       |       |       |       |       |       |   151 |   407 |   853 ||  1411
       Rpst.: Scimitar   |       |       |       |       |    10 |     8 |       |       |       ||    18
       Great sword       |       |       |       |       |    59 |    48 |    47 |       |       ||   154
       Triple sword      |       |       |       |       |     8 |       |     7 |    18 |    41 ||    74
       Double sword      |       |       |       |       |       |       |       |     3 |       ||     3

Skill      XL: |  1  2  3  4  5  6  7  8  9 10 11 12 13 14 15 16 17 18 19 20 21 22 23 24 25 26 27 |
---------------+----------------------------------------------------------------------------------+-----
Fighting       | 3 4 6 7 10 12 15 17 23 | 23.0
Short Blades   | 3 4 5 6 |  6.0
Throwing       | 3 4 5 6 7 8 9 12 13 14 15 20 | 20.0
Armour         | 4 6 8 12 14 15 17 18 19 20 | 20.1
Shields        | 7 8 13 15 21 | 21.4
Invocations    | 3 8 |  8.0
Dodging        | 4 7 9 11 12 14 15 | 15.0
Long Blades    | 7 9 13 16 18 19 20 21 | 21.7
Evocations     | 10 | 10.0
Stealth        | |  4.8

Inventory:

Hand Weapons
 a - a +9 triple sword of flaming (weapon) {god gift}
 b - the +7 Singing Sword {god gift, vorpal, sonic wave}
   (Okawaru gifted it to you on level 3 of the Depths)

   It inflicts extra damage upon your enemies.
Missiles
 d - 36 poisoned darts
 e - 14 curare-tipped darts
 h - 1110 stones
 i - 15 javelins {god gift}
 B - 6 silver boomerangs {god gift}
 E - 5 throwing nets {!f}
 X - 29 silver javelins (quivered) {god gift}
Armour
 j - the +0 tower shield of the Sacrificial Victim (worn) {rF+ Str+4}
   (You acquired it on level 3 of the Elven Halls)

   It affects your strength (+4).
   It protects you from fire.
 l - the +2 pair of boots "Ytegoqe" (worn) {god gift, MR+ Str+3 SInv Stlth-}
   (Okawaru gifted it to you on level 4 of the Depths)

   It affects your strength (+3).
   It affects your resistance to hostile enchantments.
   It lets you see invisible.
   It makes you less stealthy.
 w - a +2 cloak of stealth
 O - a +9 plate armour of fire resistance (worn)
 P - the +0 pair of gloves of Licwocza (worn) {rPois rC+ Regen+ Str+4}
   (You acquired it on level 1 of the Depths)

   It affects your strength (+4).
   It protects you from cold.
   It protects you from poison.
   It increases your rate of regeneration.
 U - a +2 cloak of preservation (worn) {god gift}
Jewellery
 c - the ring "Geog" (right hand) {MR+ AC+4 Str+4 Dex+6}
   (You took it off a deep elf demonologist on level 3 of the Elven Halls)

   [ring of protection]

   It affects your AC (+4).
   It affects your strength (+4).
   It affects your dexterity (+6).
   It affects your resistance to hostile enchantments.
 n - a +4 ring of slaying (left hand)
 p - an amulet of guardian spirit (around neck)
 y - the ring of Wishful Thinking {*Slow rPois rF+ rC+ Int+7}
   (You acquired it on level 5 of the Depths)

   [ring of protection from cold]

   It affects your intelligence (+7).
   It protects you from fire.
   It protects you from cold.
   It protects you from poison.
   It may slow you when you take damage.
 J - the ring of Pyfyurao {rElec rPois Str+6 Dex+4}
   (You took it off a tengu reaver on level 2 of the Depths)

   [ring of strength]

   It affects your strength (+6).
   It affects your dexterity (+4).
   It insulates you from electricity.
   It protects you from poison.
 K - the ring of Ijavuet {Wiz rN+}
   (You acquired it on level 3 of the Elven Halls)

   [ring of wizardry]

   It improves your spell success rate.
   It protects you from negative energy.
Wands
 m - a wand of clouds (3)
 v - a wand of acid (24)
 z - a wand of flame (49)
 A - a wand of paralysis (56)
 L - a wand of iceblast (42)
 N - a wand of polymorph (66)
 R - a wand of digging (7)
 V - a wand of disintegration (10)
Scrolls
 q - 4 scrolls of immolation
 t - 24 scrolls of remove curse {@r4}
 C - a scroll of silence
 F - 2 scrolls of summoning
 M - 2 scrolls of fog
 W - a scroll of holy word
 Y - 3 scrolls of identify {@r3}
Potions
 g - 6 potions of mutation
 k - 4 potions of curing {@q2}
 o - 4 potions of might
 r - 10 potions of heal wounds {@q1}
 s - 2 potions of stabbing
 u - 6 potions of cancellation
 I - 2 potions of invisibility
 S - 5 potions of ambrosia
 T - 3 potions of resistance
Miscellaneous
 x - 8 boxes of beasts
 D - 4 phantom mirrors
 G - a phial of floods
 H - a lightning rod (4/4)
 Z - a tin of tremorstones (3/3)
Comestibles
 f - 68 rations

###### ########
######....# #......#
......÷##+## #.####.#
###.####≈≈≈###.#..#.#
###.##.'≈≈≈+.#.'@.+.#
.##.##.#≈≈≈#.#.#..#.#
.......##+##.#'####.#
.............+......#
#.#.#####....#'#######
#.#.## #......# #.#
#.#..# #...#### #.#
.....# #...# #.#
###..# ##...########.#


There were no monsters in sight!

Vanquished Creatures
  the Royal Jelly (Slime:5)
  3 orbs of fire (Zot:5)
  Mennas (Vaults:2)
  5 juggernauts
  11 ancient liches
  5 Killer Klowns (Zot:5)
  Saint Roka (Vaults:4)
  2 curse toes (Zot:5)
  A caustic shrike (Depths:2)
  A pandemonium lord (Zot:5)
  7 golden dragons
  A bone dragon (Depths:5)
  A Tzitzimitl (Depths:2)
  19 tentacled monstrosities
  5 electric golems (Zot:5)
  3 liches
  3 deep elf blademasters
  27 Orb Guardians
  6 quicksilver dragons
  A titan (Depths:4)
  Asterion (Elf:2)
  2 deep elf master archers (Elf:3)
  10 acid blobs
  3 sphinxes
  An Executioner (D:2)
  11 death cobs
  3 thorn hunters
  12 storm dragons
  7 tengu reavers
  9 shadow dragons
  5 draconian monks
  A revenant (Vaults:2)
  9 azure jellies
  7 draconian knights
  An iron dragon (Depths:3)
  6 deep elf sorcerers
  9 frost giants
  6 ghost moths
  A draconian scorcher (Zot:3)
  8 vault wardens
  An orc warlord (Elf:3)
  13 fire giants
  Louise (Depths:3)
  2 emperor scorpions (Spider:4)
  4 draconian shifters
  2 draconian stormcallers
  8 ironheart preservers
  17 very ugly things
  5 deep elf elementalists
  2 draconian annihilators
  4 deep elf demonologists (Elf:3)
  9 stone giants
  3 entropy weavers
  7 black draconians
  3 vampire knights
  2 lorocyprocas
  14 green draconians
  Azrael (Spider:2)
  10 deep elf annihilators (Elf:3)
  7 spark wasps
  8 red draconians
  12 yellow draconians
  7 white draconians
  6 purple draconians
  7 deep elf death magi
  15 ettins
  5 death oozes (Slime:5)
  A jiangshi (Vaults:2)
  16 yaktaur captains
  7 deep elf high priests
  12 ogre magi
  6 fire dragons
  4 rakshasas
  14 great orbs of eyes
  A monstrous demonspawn (Depths:3)
  Harold (D:8)
  A catoblepas (Lair:4)
  9 vault guards
  12 ice dragons
  6 spriggan air magi
  A ghost crab (Swamp:2)
  23 hydras
  16 centaur warriors
  11 alligators
  A death knight (D:13)
  20 dancing weapons
  30 two-headed ogres
  13 tengu warriors
  7 deep troll shamans
  9 spriggan berserkers
  3 orc high priests
  A death yak (Lair:4)
  5 vampire magi
  2 hell hogs (Depths:1)
  3 sun demons
  8 deep troll earth magi
  14 deep elf knights
  3 small abominations
  6 hell knights
  A soul eater (Depths:1)
  2 skeletal warriors (D:15)
  A flayed ghost (Depths:4)
  A fire crab (shapeshifter) (Depths:2)
  A shadow wraith (Vaults:2)
  3 spriggan druids
  4 unseen horrors
  4 glowing orange brains
  14 ironbrand convokers
  9 swamp dragons
  6 wizards
  A shadow demon (Depths:1)
  15 deep elf archers
  An orange crystal statue (Zot:5)
  9 deep trolls
  4 harpies (Vaults:3)
  3 phantasmal warriors
  A mana viper (shapeshifter) (Vaults:4)
  61 deep elf magi
  Pikel (D:6)
  30 orb spiders
  23 wolf spiders
  3 orc sorcerers
  25 orc knights
  A stone giant zombie (D:15)
  A necromancer (D:15)
  4 oklob plants
  4 cyclopes
  3 shining eyes
  A salamander (Depths:1)
  3 manticores
  30 ugly things
  26 moths of wrath
  4 elephants (Lair:5)
  A stone giant skeleton (D:15)
  A rust devil (Depths:3)
  A torpor snail (Lair:4)
  A molten gargoyle (Depths:1)
  11 vault sentinels
  17 spiny frogs
  A water nymph (shapeshifter) (Depths:2)
  A spiny frog (shapeshifter) (D:13)
  5 black mambas
  An orange demon (Depths:3)
  3 gargoyles
  4 eyes of devastation
  Maggie (D:8)
  2 kobold demonologists
  8 komodo dragons
  9 freezing wraiths
  5 tengu conjurers
  A tormentor (Depths:5)
  32 yaktaurs
  7 demonic crawlers
  A queen bee (D:9)
  7 polar bears
  5 trolls
  33 jumping spiders
  A troll (shapeshifter) (Depths:4)
  9 tyrant leeches
  59 slime creatures
  8 hippogriffs
  23 hornets
  12 bog bodies
  3 blink frogs (Lair:6)
  A hippogriff (shapeshifter) (Depths:3)
  A stone giant simulacrum (Vaults:3)
  An ice dragon zombie (D:15)
  A spriggan (shapeshifter) (Depths:2)
  2 shadows
  67 redbacks
  17 spriggans
  A fire dragon skeleton (D:15)
  43 yaks
  3 air elementals
  4 wyverns
  13 water elementals
  26 tarantellas
  4 wraiths
  3 basilisks
  A chaos spawn (Depths:1)
  A hungry ghost (D:9)
  6 golden eyes (Slime:2)
  15 vampire mosquitoes
  7 fire elementals
  A neqoxec (Depths:1)
  A yaktaur simulacrum (Vaults:1)
  14 swamp worms
  4 wargs
  A steam dragon (D:8)
  11 insubstantial wisps
  17 water moccasins
  21 hell hounds
  A floating eye (shapeshifter) (Depths:3)
  Duvessa (D:5)
  A floating eye (Depths:2)
  8 porcupines
  4 sky beasts
  8 black bears
  55 orc warriors
  10 swamp drakes
  3 ice beasts
  2 eyes of draining
  4 phantoms
  22 ogres
  24 wolves
  2 necrophages (D:9)
  9 boggarts
  19 crocodiles
  37 centaurs
  7 big kobolds
  3 earth elementals
  14 bullfrogs
  A bullfrog (shapeshifter) (Depths:2)
  Dowan (D:5)
  2 wyvern skeletons
  A water moccasin skeleton (D:4)
  7 scorpions
  28 killer bees
  3 electric eels
  An oklob sapling (D:11)
  12 wights
  4 howler monkeys
  4 bullfrog zombies
  4 crimson imps
  20 orc priests
  2 quasits
  12 hounds
  14 jellies
  3 bullfrog skeletons
  8 centaur skeletons
  3 centaur zombies
  A gnoll shaman (D:8)
  28 orc wizards
  7 iguanas
  7 worker ants
  A killer bee zombie (D:9)
  16 adders
  3 gnolls (D:8)
  5 shadow imps
  2 oozes
  An adder zombie (D:9)
  An adder skeleton (D:7)
  The ghost of Heefz the Firebug, a weakling DEFE (D:4)
  4 leopard geckos
  102 orcs
  5 giant cockroaches
  11 goblins
  7 hobgoblins
  17 jackals
  A quokka (D:5)
  6 ball pythons (D:11)
  13 bats
  9 frilled lizards
  41 kobolds
  12 rats
  5 crawling corpses (Elf:3)
  A fire vortex (Depths:1)
  2 plants
  A withered plant (D:15)
2191 creatures vanquished.

Vanquished Creatures (collateral kills)
  An acid blob (Slime:5)
  An eye of devastation (Slime:5)
  A black mamba (Lair:4)
3 creatures vanquished.

Vanquished Creatures (others)
  A fire giant (Depths:3)
  A draconian shifter (Zot:1)
  2 black draconians (Zot:1)
  An ironbrand convoker (Vaults:1)
  4 ugly things (Vaults:1)
  A torpor snail (Spider:2)
  4 yaktaurs (Vaults:1)
  A jumping spider (Spider:3)
  A redback (Spider:3)
  4 yaks (D:9)
  An insubstantial wisp (Swamp:3)
  An acid dragon (Vaults:1)
  3 ogres (Vaults:1)
  A hound (D:6)
  A crawling corpse (Elf:3)
  10 fungi
  8 plants
45 creatures vanquished.

Grand Total: 2239 creatures vanquished

Levels and vault maps discovered:
D:1:      ncdulo_smallfort, layout_loops_ring, minmay_liquid_box,
          minmay_parallelograms, chequers_jeans
D:2:      layout_loops_corners, first_ration
D:3:      layout_basic
D:4:      layout_loops_cross, serial_shops, nicolae_shop_waterfront,
          gammafunk_ghost_grave
D:5:      layout_loops_ring, uniq_duvessa
D:6:      layout_loops_cross, lemuel_oklob_altar, uniq_pikel
D:7:      layout_basic, minmay_temple_entry_hall
D:8:      kennysheep_kobold_camp, layout_loops_ring, grunt_ogre_cave,
          uniq_maggie, uniq_harold
D:9:      layout_roguey, fiery_altar_vehumet, serial_shops, shop_statue,
          special_room [special_room_bee]
D:10:     layout_loops_ring, minmay_lair_entry_grove
D:11:     layout_roguey, serial_shops, bzr_entry_lakeside,
          introduction_to_nature_2
D:12:     layout_cave_pools, orc_david_3, serial_co_window_serial,
          co_window_of_opportunity_a, co_window_corner_a, co_window_paths_a,
          co_window_corner_a, co_window_paths_a, co_window_corner_b,
          co_window_broadway_c, co_window_paths_c, co_window_of_opportunity_c,
          co_window_4corner_a, glass_columns_b, glass_columns_b, glass_columns_c
D:13:     layout_stronghold, corexii_corridor_pit, minmay_misc_feat_chi,
          uniq_maurice
D:14:     layout_long_grid, david_vaults_2, kennysheep_decorative_pillar,
          uniq_roxanne
D:15:     gammafunk_depths_entry_grave, layout_irregular_city,
          chequers_serial_rivers_micro_a
Temple:   grunt_wide_crystal_templ
Lair:1:   layout_hall_layers, grunt_megastairs_1, minmay_lair_oklob_chamber,
          serial_bayou_shore_b
Lair:2:   layout_cave_pods, serial_bayou_pond_d, patterned_corridor
Lair:3:   layout_chaotic_city, spider_nest_entry_web_field
Lair:4:   layout_small_grid, swamp_mist_pool, basic_altar,
          minmay_shattered_shrine, serial_bayou_shore_b
Lair:5:   layout_cave_pods, minmay_slime_entry_jelly_boxes
Lair:6:   minmay_lair_end_enchanted_forest, layout_misc_corridors
Swamp:1:  layout_basic_swamp, evilmike_swamp_ruin_rubble_1,
          nicolae_swamp_trees_clearing, swamp_pool4
Swamp:2:  layout_basic_swamp, evilmike_swamp_ruin_rubble_2, swamp_pool4,
          statue_in_the_mist_lemuel
Swamp:3:  layout_basic_swamp, evilmike_swamp_ruin_house_2, swamp_pool4,
          infiniplex_staircase_pool
Swamp:4:  swamp_alternative, layout_basic_swamp
Spider:1: layout_spider_delve
Spider:2: layout_spider_delve, gammafunk_ghost_split, uniq_azrael
Spider:3: layout_spider_delve, nicolae_orb_stairs
Spider:4: grunt_spider_rune_parallel
Slime:1:  layout_caves
Slime:2:  layout_caves
Slime:3:  layout_caves, nicolae_slime_round_cave
Slime:4:  layout_caves
Slime:5
Orc:1:    gammafunk_beogh_shrine, layout_diamond_mine
Orc:2:    st_orc_rangers, layout_caves
Elf:1:    elf_arrival_002, layout_geoelf_diagonals, serial_shops,
          nicolae_shop_waterfront, basic_altar, minmay_elf_crystal_hexagon,
          minmay_shop_grove
Elf:2:    layout_gridlike, uniq_asterion
Elf:3:    minmay_elf_hall_x, layout_loops_cross, special_room
          [special_room_orc], serial_shops, shop, shop, shop,
          nicolae_shop_trees, lemuel_statue_altar
Vaults:1: vaults_dpeg_doors, nicolae_vaults_ninety_degrees,
          nicolae_vaults_yaktaur_gun_rack,
          nicolae_vaults_windows_and_doors_thing, vaults_room_large_hall,
          ontoclasm_vaults_spin, nicolae_vaults_little_squares_3, v_misc_5,
          layout_vaults_maze_snakey, serial_shops, freezing_bzr
Vaults:2: nicolae_vaults_theta, vaults_room_door_hall,
          hangedman_vaults_river_flow, nicolae_vaults_shelves_hall,
          minmay_crypt_entry_simple_round, vaults_dpeg_spiral,
          nicolae_vaults_mini_display_case, vaults_room_fours,
          hangedman_vaults_trim, layout_vaults_chaotic_city, serial_shops,
          nicolae_shop_trees, nicolae_shop_competitors_out_of_business
Vaults:3: nicolae_vaults_network_periphery, v_misc_27, ontoclasm_vaults_fault,
          hangedman_vaults_variations, v_alt_pattern_5, ontoclasm_vaults_bender,
          ontoclasm_vaults_idyll, hangedman_vaults_capsules,
          ontoclasm_vaults_chip, layout_vaults_omnibox, serial_shops,
          nicolae_shop_crystal, uniq_mennas
Vaults:4: ontoclasm_vaults_idyll, grunt_vaults_hallway_short, st_quartered_hall,
          nicolae_vaults_network_quinsquares
          [nicolae_vaults_network_quincunx_subvault,
          nicolae_vaults_network_quincunx_subvault,
          nicolae_vaults_network_quincunx_subvault,
          nicolae_vaults_network_quincunx_subvault],
          nicolae_vaults_network_barrier, nicolae_vaults_shelves_hall,
          nicolae_vaults_little_squares_2, hangedman_vaults_hat, v_misc_13,
          vaults_mumra_minichess_inversion, nicolae_vaults_rhombus_5,
          vaults_dpeg_ring, layout_vaults_omnicross, uniq_donald, uniq_aizul,
          uniq_margery, uniq_saint_roka
Depths:1: layout_basic, serial_shops, nicolae_shop_trees, grunt_hell_horde,
          rand_demon_pan_entry_5, kennysheep_flooded_box,
          serial_sigils_hangedman_confine, drop_trap, water_maze_lemuel
Depths:2: hangedman_slaughterboxes, serial_shops, hell_entry
Depths:3: minmay_the_grid_square_5x5_5x5
          [minmay_the_grid_square_5x5_fancy_junction,
          minmay_the_grid_square_5x5_trominoes, minmay_the_grid_square_5x5_n,
          minmay_the_grid_square_5x5_almost_minimal,
          minmay_the_grid_square_5x5_misaligned,
          minmay_the_grid_square_5x5_lines,
          minmay_the_grid_square_5x5_prize_gold,
          minmay_the_grid_square_5x5_fat_x,
          minmay_the_grid_square_5x5_prize_waves,
          minmay_the_grid_square_5x5_hourglass,
          minmay_the_grid_square_5x5_minimal, minmay_the_grid_square_5x5_inset,
          minmay_the_grid_square_5x5_prize_pseudospiral,
          minmay_the_grid_square_5x5_inner_v,
          minmay_the_grid_square_5x5_moneybag, minmay_the_grid_square_5x5_comb,
          minmay_the_grid_square_5x5_prize_itemx,
          minmay_the_grid_square_5x5_detours,
          minmay_the_grid_square_5x5_prize_open,
          minmay_the_grid_square_5x5_inner_z,
          minmay_the_grid_square_5x5_bracketed,
          minmay_the_grid_square_5x5_percent, minmay_the_grid_square_5x5_three,
          minmay_the_grid_square_5x5_spiral_small,
          minmay_the_grid_square_5x5_checkered], layout_cave_pools,
          nicolae_abyss_entry_one_way_or_another, serial_bayou_pond_c,
          pf_coc_iceberg, rand_demon_pan_entry_8
Depths:4: minmay_quarter_circles, layout_cross, enter_ziggurat_f,
          nicolae_benzene_ring, hell_entry, abyss_entry, lightli_minifort,
          infiniplex_staircase_zigzag_5
Depths:5: grunt_zot_entry_pinwheel, layout_small_grid, serial_shops, shop,
          hell_entry, serial_bayou_pond_d, serial_bayou_shore_a
Zot:1:    infiniplex_zot_generator, layout_misc_corridors
Zot:2:    layout_misc_corridors
Zot:3:    layout_cathedral_of_symmetry
Zot:4:    layout_onion_interference
Zot:5:    layout_misc_corridors, ebering_ghost_gozag, lemuel_golem_globe


Message History

Where to? (Enter - D:1 @ (x,y), ? - help)
A shadow demon comes into view.
You shout at the shadow demon!
A great orb of eyes comes into view.
The shadow demon gestures.
There is a stone staircase leading up here.
You climb upwards.
There is a stone staircase leading down here.
(D) Dungeon (T) Temple (L) Lair (S) Swamp (N) Spider Nest (M) Slime Pits (O) Orcish Mines (E) Elven Halls (V) Vaults (C) Crypt (U) Depths (H) Hell (Z) Zot
Where to? (Enter - D:1 @ (x,y), ? - help)
What level of the Dungeon? (default 1, ? - help)
There is an open door here.
You open the door.
There is an open door here.
There is an open door here.
There is a staircase leading out of the dungeon here.
You have escaped!

Notes
Turn   | Place    | Note
-------+----------+-------------------------------------------
     0 | D:1      | bmfx the Formicid Assassin began the quest for the Orb.
     0 | D:1      | Reached XP level 1. HP: 16/16 MP: 1/1
   229 | D:1      | Reached XP level 2. HP: 18/23 MP: 2/2
   728 | D:1      | Reached XP level 3. HP: 28/28 MP: 3/3
  1112 | D:2      | Reached skill level 3 in Fighting
  1146 | D:2      | Reached XP level 4. HP: 25/35 MP: 4/4
  2243 | D:3      | Noticed a sky beast
  2258 | D:3      | Killed a sky beast
  2258 | D:3      | Reached skill level 4 in Fighting
  2258 | D:3      | Reached XP level 5. HP: 34/42 MP: 5/5
  2369 | D:3      | Reached XP level 6. HP: 48/48 MP: 6/6
  3210 | D:4      | Found Feuric's Food Emporium.
  3554 | D:4      | Found a runed translucent door.
  3555 | D:4      | Noticed Heefz's ghost (weakling DEFE)
  3618 | D:4      | Reached XP level 7. HP: 48/55 MP: 7/7
  3735 | D:4      | You fall into a shaft and drop 1 floor!
  3735 | D:5      | Entered Level 5 of the Dungeon
  3741 | D:5      | Reached skill level 5 in Fighting
  3770 | D:5      | Reached skill level 5 in Throwing
  3908 | D:5      | Noticed Duvessa
  3908 | D:5      | Noticed Dowan
  3957 | D:6      | Reached skill level 6 in Fighting
  3957 | D:6      | Reached XP level 8. HP: 54/64 MP: 6/8
  4055 | D:6      | Found a snail-covered altar of Cheibriados.
  4055 | D:6      | Noticed an oklob plant
  4152 | D:6      | Reached skill level 1 in Armour
  4350 | D:6      | Noticed Pikel
  4372 | D:6      | Killed Pikel
  4372 | D:6      | Reached skill level 5 in Short Blades
  4690 | D:6      | Reached XP level 9. HP: 51/69 MP: 7/9
  4832 | D:5      | Reached skill level 5 in Armour
  5206 | D:4      | You fall into a shaft and drop 2 floors!
  5606 | D:5      | Killed Duvessa
  5615 | D:5      | Killed Dowan
  6000 | D:5      | Reached skill level 5 in Shields
  6939 | D:7      | Found a staircase to the Ecumenical Temple.
  6961 | D:7      | Reached XP level 10. HP: 76/76 MP: 10/10
  6970 | Temple   | Entered the Ecumenical Temple
  7015 | Temple   | Became a worshipper of Warmaster Okawaru
  7268 | D:8      | Noticed Maggie
  7289 | D:8      | Killed Maggie
  7430 | D:8      | Got an ancient robe
  7771 | D:8      | Noticed Harold
  7803 | D:8      | Killed Harold
  7803 | D:8      | Reached * piety under Okawaru
  7803 | D:8      | Reached skill level 7 in Fighting
  7949 | D:8      | Got an ancient buckler
  8059 | D:8      | Reached skill level 1 in Invocations
  8735 | D:9      | Noticed a two-headed ogre
  8756 | D:9      | Killed a two-headed ogre
  8756 | D:9      | Reached XP level 11. HP: 74/86 MP: 8/13
  8924 | D:9      | Found Ohev's Weapon Shoppe.
  8943 | D:9      | Reached skill level 8 in Fighting
  8990 | D:9      | Identified the cursed +0 buckler of Weightlessness {rN+
                  | Str+4 Dex+2 Slay+2} (You found it on level 8 of the
                  | Dungeon)
  9018 | D:9      | Reached ** piety under Okawaru
  9039 | D:9      | Reached skill level 5 in Invocations
  9156 | D:9      | Found a radiant altar of Vehumet.
  9627 | D:10     | Entered Level 10 of the Dungeon
  9631 | D:10     | Noticed a two-headed ogre
  9645 | D:10     | Killed a two-headed ogre
  9645 | D:10     | Reached *** piety under Okawaru
  9655 | D:10     | Received a gift from Okawaru
  9690 | D:10     | Found a staircase to the Lair.
  9757 | D:10     | Reached skill level 9 in Fighting
 10151 | D:10     | Reached **** piety under Okawaru
 10249 | D:10     | Reached skill level 10 in Fighting
 10263 | D:10     | Reached skill level 1 in Dodging
 10723 | D:10     | Noticed an unseen horror
 10731 | D:10     | Killed an unseen horror
 10731 | D:10     | Reached ***** piety under Okawaru
 10731 | D:10     | Reached XP level 12. HP: 82/97 MP: 15/18
 11073 | D:11     | Found a flickering gateway to a bazaar.
 11081 | Bazaar   | Entered a bazaar
 11083 | Bazaar   | Found Izopob's Food Boutique.
 11087 | Bazaar   | Found Deenal's Food Boutique.
 11087 | Bazaar   | Found Fosot's Book Boutique.
 11088 | Bazaar   | Found Hocyosocs's Antique Armour Boutique.
 11118 | Bazaar   | Bought a runed plate armour for 624 gold pieces
 11191 | D:11     | Reached skill level 1 in Long Blades
 11275 | D:11     | Received a gift from Okawaru
 11649 | D:11     | Noticed a seven-headed hydra
 11710 | D:11     | Reached skill level 5 in Dodging
 11770 | D:11     | Received a gift from Okawaru
 12657 | Lair:1   | Entered Level 1 of the Lair of Beasts
 12873 | Lair:1   | Reached skill level 5 in Long Blades
 12914 | Lair:1   | Noticed an eight-headed hydra
 12917 | Lair:1   | You fall into a shaft and drop 1 floor!
 13947 | Lair:1   | Received a gift from Okawaru
 14520 | Lair:1   | Noticed a seven-headed hydra
 14586 | Lair:3   | Reached XP level 13. HP: 103/103 MP: 19/19
 14620 | Lair:3   | Found a hole to the Spider Nest.
 14647 | Lair:3   | Reached skill level 1 in Evocations
 14982 | Lair:3   | Reached skill level 5 in Evocations
 15419 | Lair:4   | Found a basalt altar of Yredelemnul.
 15752 | Lair:4   | Noticed a catoblepas
 15764 | Lair:4   | Noticed a four-headed hydra
 15779 | Lair:4   | Noticed a seven-headed hydra
 15789 | Lair:4   | Killed a three-headed hydra
 15789 | Lair:4   | Received a gift from Okawaru
 15794 | Lair:4   | Killed a one-headed hydra
 15794 | Lair:4   | Received a gift from Okawaru
 15805 | Lair:4   | Got a silken robe {god gift}
 16010 | Lair:4   | Found a staircase to the Swamp.
 16495 | Lair:4   | Noticed a seven-headed hydra
 16504 | Lair:4   | Killed a two-headed hydra
 16713 | Lair:1   | Killed a seven-headed hydra
 16805 | Lair:1   | Found the +12 glaive of Prune {vorpal}
 17192 | Lair:1   | Killed a four-headed hydra
 17192 | Lair:1   | Reached skill level 10 in Evocations
 17762 | D:11     | Killed a four-headed hydra
 18101 | Lair:5   | Reached XP level 14. HP: 110/110 MP: 19/21
 18102 | Lair:5   | p0werm0de: big sawrd
 18119 | Lair:5   | bmfx: i have even bigger one :P
 18119 | Lair:5   | bmfx: too early for it yet tho
 18139 | Lair:5   | Found a staircase to the Slime Pits.
 18215 | Lair:5   | p0werm0de: :>
 18215 | Lair:5   | Identified a scroll of acquirement
 18712 | Lair:5   | Received a gift from Okawaru
 18983 | Lair:6   | Entered Level 6 of the Lair of Beasts
 19049 | Lair:6   | Reached skill level 10 in Long Blades
 19301 | Lair:6   | Received a gift from Okawaru
 19749 | Lair:6   | Got a distressingly furry robe
 19806 | Lair:6   | Received a gift from Okawaru
 19808 | Lair:6   | Got a smelly chain mail {god gift}
 19819 | Lair:6   | Identified the +1 chain mail of Distant Worlds {god gift,
                  | rElec} (Okawaru gifted it to you on level 6 of the Lair of
                  | Beasts)
 20652 | D:12     | Found a staircase to the Orcish Mines.
 20653 | D:12     | Found Qiany's Armour Shop.
 21298 | D:12     | Reached XP level 15. HP: 104/115 MP: 19/22
 22063 | D:13     | Received a gift from Okawaru
 22222 | D:13     | Received a gift from Okawaru
 22371 | D:13     | Noticed Maurice
 22373 | D:13     | Noticed Maurice
 22373 | D:13     | Maurice changed into Maurice the wolf
 22378 | D:13     | Killed Maurice the wolf
 23531 | D:14     | Reached skill level 15 in Long Blades
 23721 | D:14     | Found a gate to the Vaults.
 23818 | D:14     | Received a gift from Okawaru
 24100 | D:14     | Noticed Roxanne
 24177 | D:15     | Entered Level 15 of the Dungeon
 24351 | D:15     | Found a staircase to the Depths.
 24356 | D:15     | Reached ****** piety under Okawaru
 24359 | D:15     | Received a gift from Okawaru
 24750 | D:15     | Reached XP level 16. HP: 118/122 MP: 23/23
 24977 | Orc:1    | Entered Level 1 of the Orcish Mines
 25237 | Orc:2    | Entered Level 2 of the Orcish Mines
 25501 | Orc:2    | Found Virch's General Store.
 25501 | Orc:2    | Found Moxtiurgh's Magic Scroll Boutique.
 25689 | Orc:2    | Found Vorren Junyrr's Food Shoppe.
 25691 | Orc:2    | Found Mop Vov's Antique Armour Shop.
 25695 | Orc:2    | Bought a scroll of enchant armour for 105 gold pieces
 25695 | Orc:2    | Bought a scroll of fear for 49 gold pieces
 25695 | Orc:2    | Bought a scroll of fog for 28 gold pieces
 26047 | Orc:2    | Found a staircase to the Elven Halls.
 26691 | Orc:1    | Received a gift from Okawaru
 26693 | Orc:1    | Found a transporter.
 26808 | Orc:1    | Found a roughly hewn altar of Beogh.
 26808 | Orc:1    | Found a transporter.
 26874 | Orc:1    | Received a gift from Okawaru
 27269 | D:4      | Killed Heefz's ghost
 27853 | Swamp:1  | Entered Level 1 of the Swamp
 28433 | Swamp:1  | Noticed a thorn hunter
 28438 | Swamp:1  | Killed a thorn hunter
 29141 | Swamp:2  | Received a gift from Okawaru
 29616 | Swamp:3  | Noticed a thorn hunter
 29634 | Swamp:3  | Killed a thorn hunter
 29874 | Swamp:3  | Reached XP level 17. HP: 128/128 MP: 24/24
 29889 | Swamp:3  | Reached skill level 10 in Throwing
 30299 | Swamp:4  | Entered Level 4 of the Swamp
 30354 | Swamp:4  | Received a gift from Okawaru
 30579 | Swamp:4  | Received a gift from Okawaru
 30843 | Swamp:4  | Got a decaying rune of Zot
 30991 | Swamp:4  | Noticed a thorn hunter
 30995 | Swamp:4  | Killed a thorn hunter
 31598 | Spider:1 | Entered Level 1 of the Spider Nest
 32878 | Spider:2 | Reached XP level 18. HP: 118/134 MP: 20/25
 32881 | Spider:2 | Received a gift from Okawaru
 33302 | Spider:2 | Noticed Vieluargh's ghost (journeyman DsNe)
 33307 | Spider:2 | Found a runed translucent gate.
 33307 | Spider:2 | Found a runed translucent gate.
 33323 | Spider:2 | Found a runed translucent gate.
 33557 | Spider:2 | Noticed Azrael
 33562 | Spider:2 | Killed Azrael
 33778 | Spider:2 | Reached skill level 10 in Armour
 34592 | Spider:4 | Entered Level 4 of the Spider Nest
 35842 | Spider:4 | Received a gift from Okawaru
 35981 | Spider:4 | Reached skill level 11 in Fighting
 36158 | Spider:4 | Received a gift from Okawaru
 36158 | Spider:4 | Reached skill level 12 in Fighting
 36438 | Spider:4 | Reached XP level 19. HP: 147/147 MP: 5/26
 36591 | Spider:4 | Received a gift from Okawaru
 36717 | Spider:4 | Got a gossamer rune of Zot
 37356 | D:11     | Identified the Compendium of Unstable Contamination
 37712 | Lair:4   | Reached skill level 13 in Fighting
 37947 | Vaults:1 | Entered Level 1 of the Vaults
 38374 | Vaults:1 | Reached skill level 14 in Fighting
 38448 | Vaults:1 | Found a flickering gateway to a bazaar.
 38461 | Bazaar   | Entered a bazaar
 38646 | Bazaar   | Found Elapapio's Gadget Shoppe.
 38699 | Bazaar   | Found Eppitzogh's Gadget Shoppe.
 38742 | Bazaar   | Found Morph's Jewellery Boutique.
 38772 | Bazaar   | Found Cumnyoq's Jewellery Shoppe.
 39055 | Bazaar   | Bought a wand of iceblast (12) for 160 gold pieces
 39055 | Bazaar   | Bought a wand of paralysis (10) for 120 gold pieces
 39055 | Bazaar   | Bought a wand of paralysis (9) for 110 gold pieces
 39055 | Bazaar   | Bought a box of beasts for 200 gold pieces
 39055 | Bazaar   | Bought a box of beasts for 200 gold pieces
 39085 | Bazaar   | Bought a wand of paralysis (11) for 143 gold pieces
 39085 | Bazaar   | Bought a wand of iceblast (3) for 77 gold pieces
 39085 | Bazaar   | Bought a box of beasts for 220 gold pieces
 39085 | Bazaar   | Bought a box of beasts for 220 gold pieces
 39085 | Bazaar   | Bought a box of beasts for 220 gold pieces
 39673 | Vaults:1 | Reached skill level 15 in Fighting
 40443 | Vaults:1 | Identified the +5 broad axe of the Dwarven Hall {flame, rF+
                  | rC+ MR+} (You found it on level 1 of the Vaults)
 40514 | Vaults:2 | Received a gift from Okawaru
 40695 | Vaults:2 | Found Kainuzesk's Distillery.
 40706 | Vaults:2 | Bought a potion of heal wounds for 80 gold pieces
 40706 | Vaults:2 | Bought a potion of heal wounds for 80 gold pieces
 40734 | Vaults:2 | Found a staircase to the Crypt.
 40880 | Vaults:2 | Received a gift from Okawaru
 41091 | Vaults:2 | Reached XP level 20. HP: 145/162 MP: 23/27
 41820 | Vaults:2 | Found Heom's Book Shop.
 42248 | Vaults:2 | Identified the +6 great sword of the Whelk {freeze, *Noise
                  | rElec Int+7 SInv} (You found it on level 2 of the Vaults)
 42326 | Vaults:2 | Reached skill level 15 in Armour
 42878 | Vaults:3 | Noticed Mennas
 42911 | Vaults:2 | You fall into a shaft and drop 2 floors!
 42930 | Vaults:4 | Noticed Saint Roka
 42937 | Vaults:4 | Received a gift from Okawaru
 42950 | Vaults:4 | Killed Saint Roka
 43490 | Vaults:4 | Received a gift from Okawaru
 43622 | Vaults:3 | Received a gift from Okawaru
 43747 | Vaults:3 | Found Wacir's Gadget Shop.
 43752 | Vaults:3 | Bought a wand of acid (6) for 240 gold pieces
 44138 | Vaults:3 | Reached XP level 21. HP: 158/168 MP: 22/28
 44415 | Vaults:3 | Reached skill level 10 in Dodging
 45097 | Vaults:2 | Killed Mennas
 45277 | Elf:1    | Entered Level 1 of the Elven Halls
 45310 | Elf:1    | Received a gift from Okawaru
 45916 | Elf:1    | Found Zerorr's Gadget Shop.
 45917 | Elf:1    | Found Beratuyl's Jewellery Emporium.
 45918 | Elf:1    | Found Peruurphoe's Gadget Shop.
 46209 | Elf:1    | Found Imuippur's Food Shoppe.
 46405 | Elf:1    | Found an ancient bone altar of Kikubaaqudgha.
 46451 | Elf:1    | Gained mutation: You are dopey. (Int -2) [a neqoxec]
 47155 | Orc:2    | Bought a scroll of enchant weapon for 75 gold pieces
 47322 | Elf:2    | Received a gift from Okawaru
 47399 | Elf:2    | Found a runed translucent gate.
 47399 | Elf:2    | Found a runed translucent gate.
 47399 | Elf:2    | Found a runed translucent gate.
 47720 | Elf:2    | Noticed Asterion
 47767 | Elf:2    | Killed Asterion
 48770 | Vaults:2 | Bought a potion of curing for 48 gold pieces
 48964 | Elf:3    | Entered Level 3 of the Elven Halls
 49094 | Elf:3    | Received a gift from Okawaru
 49215 | Elf:3    | Found Tuutif's Magic Scroll Emporium.
 49224 | Elf:3    | Bought a scroll of acquirement for 832 gold pieces
 49227 | Elf:3    | Got the ring of Ijavuet {Wiz rN+}
 49303 | Elf:3    | Reached XP level 22. HP: 175/175 MP: 29/29
 49381 | Elf:3    | Received a gift from Okawaru
 49433 | Elf:3    | Found a roughly hewn altar of Beogh.
 49586 | Elf:3    | Found Feloum's Gadget Shoppe.
 49602 | Elf:3    | Found Cazeisus's Gadget Shop.
 49634 | Elf:3    | Found Bethul's General Store.
 49666 | Elf:3    | Found a shimmering blue altar of Sif Muna.
 50310 | Elf:3    | Identified the ring "Geog" {MR+ AC+4 Str+4 Dex+6}
 50312 | Elf:3    | Identified the +3 mace of Zim Faor {vamp, SInv}
 50316 | Elf:3    | Received a gift from Okawaru
 50317 | Elf:3    | Received a gift from Okawaru
 50322 | Elf:3    | Identified the ring of Ibozikhle {*Tele Str+2 Int+3}
 50365 | Elf:3    | Reached skill level 15 in Throwing
 50559 | Elf:3    | Got the +0 tower shield of the Sacrificial Victim {rF+
                  | Str+4}
 50585 | Elf:3    | Identified the +11 rapier of Classification {god gift,
                  | vorpal, rF++ Int+4 Dex-4 SInv} (Okawaru gifted it to you on
                  | level 3 of the Elven Halls)
 50648 | Elf:3    | Identified the +4 mace "Pykucs" {venom, rF- Dex+5}
 50741 | Elf:3    | Identified the Papyrus of Enhancements and Moulding
 50760 | Elf:3    | Found the +3 giant club "Skullcrusher" {speed, Str+7}
 50775 | Elf:3    | Got a jewelled scale mail
 50776 | Elf:3    | Identified the +0 scale mail of Tegg {Harm +Inv Slay-4}
                  | (You found it on level 3 of the Elven Halls)
 50792 | Elf:3    | Got a pair of glimmering gloves
 50803 | Elf:3    | Identified the cursed -1 pair of gloves "Picy" {rF+ Str+8}
                  | (You found it on level 3 of the Elven Halls)
 51039 | Depths:1 | Entered Level 1 of the Depths
 51043 | Depths:1 | Received a gift from Okawaru
 51290 | Depths:1 | Found a one-way gate leading to the halls of Pandemonium.
 51300 | Depths:1 | Reached XP level 23. HP: 166/181 MP: 27/30
 51530 | Depths:1 | Got the +0 pair of gloves of Licwocza {rPois rC+ Regen+
                  | Str+4}
 51899 | Depths:1 | Found a gateway to Hell.
 52003 | Depths:1 | Found Asewenar's Jewellery Shop.
 52419 | Depths:2 | Found a glowing golden altar of the Shining One.
 52420 | Depths:2 | Found a radiant altar of Vehumet.
 52420 | Depths:2 | Found a snail-covered altar of Cheibriados.
 52502 | Depths:2 | Noticed a golden dragon
 52513 | Depths:2 | Killed a golden dragon
 53120 | Depths:2 | Noticed a golden dragon
 53126 | Depths:2 | Killed a golden dragon
 53127 | Depths:2 | Reached skill level 10 in Shields
 53133 | Depths:2 | Noticed a caustic shrike
 53138 | Depths:2 | Killed a caustic shrike
 53189 | Depths:2 | Received a gift from Okawaru
 54103 | Depths:2 | Received a gift from Okawaru
 54182 | Depths:2 | Noticed a juggernaut
 54198 | Depths:2 | Killed a juggernaut
 54210 | Depths:2 | Reached XP level 24. HP: 153/188 MP: 19/30
 54514 | Depths:2 | Got a faintly humming chain mail
 54523 | Depths:2 | Identified the ring of Pyfyurao {rElec rPois Str+6 Dex+4}
 54535 | Depths:2 | Got a spiked scale mail
 54536 | Depths:2 | Identified the +1 chain mail of Syomugg {rF- Str+4 Dex+9
                  | Stlth-} (You found it on level 2 of the Depths)
 54548 | Depths:2 | Identified the +6 scale mail of the Pit {rPois rF+ Str-4
                  | Stlth+} (You found it on level 2 of the Depths)
 54672 | Depths:3 | Got a crude leather armour
 54696 | Depths:3 | Noticed Louise
 54702 | Depths:3 | Killed Louise
 54710 | Depths:3 | Found a one-way gate to the infinite horrors of the Abyss.
 54749 | Depths:3 | Reached skill level 15 in Shields
 54806 | Depths:3 | Identified the +10 rapier of Cixzof {flame, Int+3}
 54808 | Depths:3 | Noticed a juggernaut
 54817 | Depths:3 | Killed a juggernaut
 54817 | Depths:3 | Received a gift from Okawaru
 54839 | Depths:3 | Received a gift from Okawaru
 54840 | Depths:3 | Found the +7 Singing Sword {god gift, vorpal, sonic wave}
 55039 | Depths:3 | Identified the Almanac of Contamination and the Rocks
 55228 | Depths:3 | Reached skill level 15 in Dodging
 55453 | Depths:3 | Received a gift from Okawaru
 55679 | Depths:3 | Received a gift from Okawaru
 55756 | Depths:3 | Identified the +2 fustibalus "Xaoriarph" {god gift, flame,
                  | rElec rC+ Int+4} (Okawaru gifted it to you on level 3 of
                  | the Depths)
 56057 | Depths:4 | Reached XP level 25. HP: 175/194 MP: 23/30
 56338 | Depths:4 | Received a gift from Okawaru
 56355 | Depths:4 | Noticed a juggernaut
 56365 | Depths:4 | Killed a juggernaut
 56371 | Depths:4 | Identified the +2 pair of boots "Ytegoqe" {god gift, MR+
                  | Str+3 SInv Stlth-} (Okawaru gifted it to you on level 4 of
                  | the Depths)
 56521 | Depths:4 | Found a gateway to a ziggurat.
 56556 | Depths:4 | Noticed an ancient lich
 56562 | Depths:4 | Killed an ancient lich
 56685 | Depths:4 | p0werm0de: ph4t sword
 57085 | Depths:5 | Entered Level 5 of the Depths
 57113 | Depths:5 | Noticed a juggernaut
 57133 | Depths:5 | Killed a juggernaut
 57407 | Depths:5 | Got a pair of pitted boots
 57410 | Depths:5 | Identified the +4 pair of boots of Majestic Fun {rC- rN+
                  | rCorr} (You found it on level 5 of the Depths)
 57412 | Depths:5 | Got the ring of Wishful Thinking {*Slow rPois rF+ rC+
                  | Int+7}
 57435 | Depths:5 | Received a gift from Okawaru
 57543 | Depths:5 | Found Ickanud's Armour Shoppe.
 57590 | Depths:5 | Noticed a juggernaut
 57605 | Depths:5 | Killed a juggernaut
 58004 | Depths:5 | Found a gate to the Realm of Zot.
 58681 | Slime:1  | Entered Level 1 of the Pits of Slime
 58702 | Lair:5   | Reached XP level 26. HP: 195/201 MP: 30/30
 58890 | Slime:3  | Received a gift from Okawaru
 59168 | Slime:4  | Gained mutation: You are clumsy. (Dex -2) [a shining eye]
 59171 | Slime:4  | Gained mutation: You are weak. (Str -2) [a shining eye]
 59176 | Slime:5  | Entered Level 5 of the Pits of Slime
 59332 | Slime:5  | Received a gift from Okawaru
 59333 | Slime:5  | Identified the +4 great sword of the Big Fish {god gift,
                  | protect, *Slow rF+ MR++} (Okawaru gifted it to you on level
                  | 5 of the Pits of Slime)
 59340 | Slime:5  | Noticed the Royal Jelly
 59343 | Slime:5  | p0werm0de: big fish
 59354 | Slime:5  | Killed the Royal Jelly
 59369 | Slime:5  | Reached skill level 16 in Fighting
 59417 | Slime:5  | Got a jade-encrusted leather armour
 59430 | Slime:5  | Found the +7 Spriggan's Knife {stab, EV+4 Stlth+}
 59441 | Slime:5  | Got a twitching lead ring
 59442 | Slime:5  | Identified the ring of Ydeapoenk {rElec MR+} (You found it
                  | on level 5 of the Pits of Slime)
 59487 | Slime:5  | Got a slimy rune of Zot
 59489 | Slime:5  | Got a scorched platinum amulet
 59491 | Slime:5  | Identified the amulet "Xigeocs" {Regen+ Int+3} (You found
                  | it on level 5 of the Pits of Slime)
 60373 | Vaults:2 | Bought 2 potions of mutation for 256 gold pieces
 60373 | Vaults:2 | Bought a potion of mutation for 128 gold pieces
 60373 | Vaults:2 | Bought a potion of mutation for 128 gold pieces
 60534 | Orc:2    | Bought a scroll of magic mapping for 35 gold pieces
 60534 | Orc:2    | Bought a scroll of holy word for 75 gold pieces
 60535 | Orc:2    | Bought a scroll of magic mapping for 49 gold pieces
 60535 | Orc:2    | Bought a scroll of summoning for 133 gold pieces
 60621 | Elf:3    | Bought a scroll of magic mapping for 52 gold pieces
 60621 | Elf:3    | Lost mutation: You are dopey. (Int -2) [potion of mutation]
 60621 | Elf:3    | Lost mutation: You are clumsy. (Dex -2) [potion of
                  | mutation]
 60621 | Elf:3    | Gained mutation: Your body sometimes deteriorates upon
                  | taking damage. [potion of mutation]
 60621 | Elf:3    | Gained mutation: You are partially covered in molten
                  | scales. (AC +2) [potion of mutation]
 60621 | Elf:3    | Gained mutation: You are resistant to hostile enchantments.
                  | (MR+) [potion of mutation]
 60979 | Zot:1    | Entered Level 1 of the Realm of Zot
 61126 | Zot:1    | Received a gift from Okawaru
 61663 | Zot:2    | Reached skill level 17 in Fighting
 61728 | Zot:2    | Reached XP level 27. HP: 188/215 MP: 29/30
 61884 | Zot:2    | Received a gift from Okawaru
 61901 | Zot:2    | Received a gift from Okawaru
 62194 | Zot:3    | Reached skill level 18 in Fighting
 62238 | Zot:3    | Received a gift from Okawaru
 63544 | Zot:4    | Received a gift from Okawaru
 63587 | Zot:4    | Reached skill level 19 in Fighting
 63973 | Zot:5    | Entered Level 5 of the Realm of Zot
 63995 | Zot:5    | Received a gift from Okawaru
 64461 | Zot:5    | Found a runed translucent gate.
 64461 | Zot:5    | Found a runed translucent gate.
 64461 | Zot:5    | Found a runed translucent gate.
 64462 | Zot:5    | Found an opulent altar of Gozag.
 64463 | Zot:5    | Noticed vurker's ghost (legendary NaVM)
 64463 | Zot:5    | Noticed an orb of fire
 64464 | Zot:5    | Found Ebaufig's Assorted Antiques.
 64509 | Zot:5    | Received a gift from Okawaru
 64699 | Zot:5    | Noticed an ancient lich
 64712 | Zot:5    | Killed an ancient lich
 64712 | Zot:5    | Reached skill level 20 in Fighting
 64745 | Zot:5    | Received a gift from Okawaru
 64772 | Zot:5    | Noticed an ancient lich
 64777 | Zot:5    | Killed an ancient lich
 64793 | Zot:5    | Received a gift from Okawaru
 64804 | Zot:5    | Noticed a Killer Klown
 64819 | Zot:5    | Noticed a Killer Klown
 64836 | Zot:5    | Killed a Killer Klown
 64840 | Zot:5    | Killed a Killer Klown
 64840 | Zot:5    | Received a gift from Okawaru
 64999 | Zot:5    | Noticed an ancient lich
 65009 | Zot:5    | Killed an ancient lich
 65115 | Zot:5    | Noticed an orb of fire
 65115 | Zot:5    | Gained mutation: You occasionally shout uncontrollably at
                  | your foes. [an orb of fire]
 65116 | Zot:5    | Gained mutation: Scrolls take you a little longer to read.
                  | [an orb of fire]
 65122 | Zot:5    | Gained mutation: Your magical capacity is low. (-10% MP)
                  | [an orb of fire]
 65129 | Zot:5    | Killed an orb of fire
 65129 | Zot:5    | Noticed an ancient lich
 65140 | Zot:5    | Killed an ancient lich
 65140 | Zot:5    | Received a gift from Okawaru
 65170 | Zot:5    | Noticed an ancient lich
 65185 | Zot:5    | Killed an ancient lich
 65234 | Zot:5    | Noticed an ancient lich
 65245 | Zot:5    | Killed an ancient lich
 65245 | Zot:5    | Received a gift from Okawaru
 65248 | Zot:5    | Noticed an ancient lich
 65250 | Zot:5    | Killed an ancient lich
 65250 | Zot:5    | Received a gift from Okawaru
 65255 | Zot:5    | Got a pair of twisted gloves {god gift}
 65258 | Zot:5    | Identified the +1 pair of gloves of Okawaru's Castigation
                  | {god gift, rElec Regen+ Dex-5 SInv} (Okawaru gifted it to
                  | you on level 5 of the Realm of Zot)
 65325 | Zot:5    | Noticed a Killer Klown
 65333 | Zot:5    | beem: I am beem. For help, type: !beem
 65333 | Zot:5    | Killed a Killer Klown
 65473 | Zot:5    | Noticed a Killer Klown
 65480 | Zot:5    | Killed a Killer Klown
 65492 | Zot:5    | Noticed an orb of fire
 65500 | Zot:5    | Killed an orb of fire
 65500 | Zot:5    | Reached skill level 21 in Fighting
 65501 | Zot:5    | Noticed an ancient lich
 65515 | Zot:5    | Killed an ancient lich
 65541 | Zot:5    | Noticed an ancient lich
 65543 | Zot:5    | Killed an ancient lich
 65568 | Zot:5    | Received a gift from Okawaru
 65622 | Zot:5    | Noticed an ancient lich
 65681 | Zot:5    | Reached skill level 22 in Fighting
 65815 | Zot:5    | Killed an ancient lich
 65990 | Zot:5    | Noticed an orb of fire
 65990 | Zot:5    | Gained mutation: Armour fits poorly on your strangely
                  | shaped body. [an orb of fire]
 66001 | Zot:5    | Killed an orb of fire
 66085 | Zot:5    | Noticed a Killer Klown
 66087 | Zot:5    | Killed a Killer Klown
 66367 | Zot:5    | Got the Orb of Zot
 66404 | Zot:5    | Noticed Courigg the pandemonium lord
 66406 | Zot:5    | Killed Courigg the pandemonium lord
 66406 | Zot:5    | Received a gift from Okawaru
 66407 | Zot:5    | bmfx: lol
 66814 | D:12     | Reached skill level 23 in Fighting
 66961 | D:5      | Received a gift from Okawaru
 67072 | D:$      | Escaped with the Orb!
